 Dungeon Crawl Stone Soup version 0.30-a0-1164-ge08a67761e (webtiles) character file.

Game seed: 13997828793882551725

7678 ryw the Skirmisher (level 10, -2/81 HPs)
             Began as a Mummy Fighter on Apr 30, 2023.
             Was an Elder of Okawaru.
             Slain by a freezing wraith (6 damage)
             ... on level 11 of the Dungeon.
             The game lasted 00:16:59 (8300 turns).

ryw the Skirmisher (Mummy Fighter)                  Turns: 8300, Time: 00:17:00

Health: -2/81      AC: 13    Str: 22    XL:     10   Next: 99%
Magic:  10/10      EV: 10    Int: 11    God:    Okawaru [****..]
Gold:   1899       SH:  5    Dex: 14    Spells: 9/9 levels left

rFire   . . .        q - +9 longbow "Zojuollofe" {speed, +Blink Will+ Int+4}
rCold   . . .        (shield currently unavailable)
rNeg    + + +        z - +3 ring mail
rPois   ∞            j - +1 helmet
rElec   .            B - +0 cloak
rCorr   .            (no gloves)
SInv    .            (no boots)
Will    +++..        p - amulet of reflection
Stlth   +            e - ring of willpower
HPRegen 0.33/turn    y - ring of fire
MPRegen 0.12/turn

%: reflection, faith
@: slowed, very slow
A: cold resistance 1, negative energy resistance 3, torment resistance 2, heat
vulnerability 1, in touch with death 1, no potions, faith
a: Renounce Religion, Evoke Blink, Heroism, Finesse


You were on level 11 of the Dungeon.
You worshipped Okawaru.
Okawaru was greatly pleased with you.
You visited 2 branches of the dungeon, and saw 12 of its levels.
You also visited: Ossuary.

You collected 2523 gold pieces.
You spent 624 gold pieces at shops.

Inventory:

Hand Weapons
 a - a +0 flail
 b - a +2 sling of electrocution
 q - the +9 longbow "Zojuollofe" (weapon) {speed, +Blink Will+ Int+4}
   (You acquired it on level 2 of the Dungeon)

   Int:       It affects your intelligence (+4).
   +Blink:    It lets you blink.
   Will:      It increases your willpower.
Missiles
 h - 11 boomerangs
 o - 20 poisoned darts
Armour
 j - a +1 helmet (worn)
 z - a +3 ring mail (worn)
 B - a +0 cloak (worn)
Jewellery
 e - a ring of willpower (left hand)
 p - an amulet of reflection (around neck)
 u - a ring of flight
 y - a ring of fire (right hand)
 E - a ring of magical power
Wands
 s - a wand of polymorph (7)
 x - a wand of iceblast (35)
 A - a wand of flame (14)
 D - a wand of mindburst (8)
Scrolls
 c - 4 scrolls of teleportation
 d - a scroll of torment
 f - 2 scrolls of fear
 g - 2 scrolls of summoning
 i - a scroll of blinking
 k - 2 scrolls of immolation {unknown}
 l - 2 scrolls of enchant weapon {unknown}
 m - 3 scrolls of fog
 n - 2 scrolls of poison
 r - a scroll of silence {unknown}
 t - 4 scrolls of noise
 v - 3 scrolls of enchant armour
 w - 4 scrolls of vulnerability
 C - 5 scrolls of amnesia
 F - 2 scrolls of identify


   Skills:
 + Level 8.3 Fighting
 - Level 2.7 Maces & Flails
 * Level 9.2 Ranged Weapons
 + Level 7.1 Armour
 - Level 2.7 Shields
 - Level 5.0 Evocations


You had 9 spell levels left.
You didn't know any spells.
Your spell library contained the following spells:

 Spells                   Type           Power      Damage    Failure   Level
 Cigotuvi's Dreadful Rot  Necr/Pois/Air  0%         N/A       63%         2
 Lesser Beckoning         Tloc           0%         N/A       63%         2
 Gell's Gravitas          Tloc           0%         N/A       85%         3
 Hailstorm                Conj/Ice       0%         3d3       85%         3
 Ignite Poison            Fire/Tmut/Pois 0%         N/A       85%         3
 Ozocubu's Armour         Ice            0%         N/A       85%         3
 Teleport Other           Tloc           0%         N/A       85%         3
 Sticky Flame             Conj/Fire      0%         2d3       99%         4
 Alistair's Intoxication  Tmut/Pois      0%         N/A       100%        5
 Borgnjor's Vile Clutch   Necr/Erth      0%         N/A       100%        5
 Freezing Cloud           Conj/Ice/Air   0%         6-21      100%        5
 Eringya's Noxious Bog    Tmut/Pois      0%         N/A       100%        6
 Ozocubu's Refrigeration  Ice            0%         4d7       100%        7
 Ignition                 Fire           0%         3d3       100%        8
 Ice Form                 Ice/Tmut       Unusable   N/A       N/A         4
 Simulacrum               Ice/Necr       Unusable   N/A       N/A         6

Dungeon Overview and Level Annotations

Branches:
Dungeon (11/15)            Temple (1/1) D:5            Lair (0/5) D:8
Ossuary (visited)
    Orc: D:9-12

Altars:
Ashenzari
Cheibriados
Dithmenos
Fedhas
Gozag
Hepliaklqana
Kikubaaqudgha
Makhleb
Nemelex Xobeh
Okawaru
Qazlal
Ru
Sif Muna
Trog
Uskayaw
Vehumet
Wu Jian
Xom
Yredelemnul

Shops:
D:3 (*   D:4 !   D:5 *   D:8 :   D:9 =


Innate Abilities, Weirdness & Mutations

You are immune to poison.
Your flesh is cold resistant. (rC+)
You are immune to negative energy. (rN+++)
You are immune to unholy pain and torment.
You are vulnerable to heat. (rF-)
You are in touch with the powers of death.
You do not drink.
You have a special connection with the divine. (Faith)


Message History

The freezing wraith hits you but does no damage.
You block the freezing wraith's attack. The kobold brigand closely misses you.
The shadow hits you.
You shoot an arrow.
The arrow barely misses the freezing wraith.
The kobold barely misses you. The kobold brigand closely misses you.
The freezing wraith hits you but does no damage. x2
The shadow slips into darkness.
The shadow flickers and vanishes!
Deactivating autopickup; reactivate with Ctrl-A.
The kobold brigand barely misses you. You block the freezing wraith's attack.
The freezing wraith hits you. The kobold hits you with a +0 dagger.
You shoot an arrow. The arrow hits the freezing wraith!
The freezing wraith is moderately damaged.
The shadow strikes at you from the darkness!
Reactivating autopickup.
You block the freezing wraith's attack. The freezing wraith hits you!
The kobold hits you but does no damage. You block the kobold brigand's attack.
The shadow hits you.
You shoot an arrow.
The arrow closely misses the freezing wraith.
The kobold hits you but does no damage. You block the freezing wraith's attack.
The freezing wraith barely misses you.
The kobold brigand hits you with a +0 short sword.
The shadow slips into darkness.
The shadow flickers and vanishes!
Deactivating autopickup; reactivate with Ctrl-A.
You shoot an arrow. The arrow hits the freezing wraith!
The freezing wraith is heavily damaged.
The kobold hits you but does no damage.
The kobold brigand hits you but does no damage.
The freezing wraith barely misses you. The freezing wraith misses you.
The shadow strikes at you from the darkness!
Reactivating autopickup.
The freezing wraith hits you!
* * * LOW HITPOINT WARNING * * *
The freezing wraith freezes you!!
* * * LOW HITPOINT WARNING * * *
The freezing wraith hits you.
You die...

####+########
#...........#
#...........+
+..<..W.....#
#...)@K.....#
#...WK.....?#
#...........#
#...........#
#############


You could see a freezing wraith, a kobold brigand, a shadow and a kobold.

Vanquished Creatures
  2 two-headed ogres
  A wizard (D:10)
  2 komodo dragons (D:8)
  Grinder (D:3)
  A hornet (D:9)
  A vampire (D:10)
  5 yaks
  2 basilisks (D:8)
  2 wyverns
  4 vampire mosquitoes (D:10)
  An acid dragon (D:10)
  A water moccasin (D:9)
  A swamp drake (D:8)
  A black bear (D:5)
  An orc warrior (D:8)
  2 sky beasts
  An ice beast (D:6)
  An ogre (D:5)
  3 centaurs
  A phantom (D:7)
  A kobold brigand (D:7)
  A bullfrog (D:9)
  An elf zombie (Ossuary)
  A scorpion (D:4)
  A gnoll sergeant (D:9)
  10 killer bees
  3 howler monkeys
  2 jellies
  A crimson imp (D:10)
  3 gnoll boudas
  An orc priest (D:8)
  2 hounds (D:5)
  6 iguanas
  Ijyb (D:3)
  9 orc wizards
  A hound zombie (Ossuary)
  4 mummies (Ossuary)
  9 adders
  19 gnolls
  A shadow imp (D:6)
  2 white imps
  5 ufetubi
  2 adder zombies (Ossuary)
  3 worms
  3 dart slugs
  29 orcs
  6 endoplasms
  A gnoll zombie (Ossuary)
  A goblin (D:3)
  7 hobgoblins
  2 jackals (D:1)
  15 kobolds
  3 quokkas
  16 ball pythons
  4 bats
  3 frilled lizards
  A goblin zombie (Ossuary)
  A hobgoblin zombie (Ossuary)
  2 jackal zombies (Ossuary)
  A kobold zombie (Ossuary)
  An orc zombie (Ossuary)
  4 rats
  A rat zombie (Ossuary)
224 creatures vanquished.

Notes
Turn   | Place    | Note
-------+----------+-------------------------------------------
     0 | D:1      | ryw the Mummy Fighter began the quest for the Orb.
     0 | D:1      | Reached XP level 1. HP: 18/18 MP: 1/1
   118 | D:1      | Reached XP level 2. HP: 24/24 MP: 2/2
   177 | D:1      | You fall into a shaft and drop 1 floor!
   300 | D:2      | Gained mutation: You are in touch with the powers of death.
                  | [Mummy growth]
   300 | D:2      | Reached XP level 3. HP: 21/29 MP: 3/3
   903 | D:2      | Reached skill level 1 in Ranged Weapons
   903 | D:2      | Reached XP level 4. HP: 35/35 MP: 4/4
  1059 | D:2      | Found a faded altar of an unknown god.
  1470 | D:2      | Identified 2 scrolls of acquirement
  1470 | D:2      | Acquired the +9 longbow "Zojuollofe" {speed, +Blink Will+
                  | Int+4}
  1501 | D:2      | Acquired 735 gold pieces
  1542 | D:3      | Noticed Grinder
  1549 | D:3      | Killed Grinder
  1550 | D:3      | Reached skill level 3 in Ranged Weapons
  1550 | D:3      | Reached XP level 5. HP: 23/41 MP: 5/5
  1550 | D:3      | Reached XP level 6. HP: 26/47 MP: 6/6
  1755 | D:3      | Noticed Ijyb
  1757 | D:3      | Killed Ijyb
  1801 | D:3      | Found Lipydy's Antique Weapon Shoppe.
  1882 | D:3      | Reached skill level 4 in Ranged Weapons
  1924 | D:3      | Found Amaus's General Store.
  2292 | D:4      | Noticed a sky beast
  2312 | D:4      | Killed a sky beast
  2313 | D:4      | Reached skill level 1 in Evocations
  2336 | D:4      | Found Qecies's Distillery.
  2343 | D:4      | Reached XP level 7. HP: 52/52 MP: 7/7
  2791 | D:3      | Bought a scroll of acquirement for 624 gold pieces
  2791 | D:3      | Acquired 965 gold pieces
  2822 | D:5      | Entered Level 5 of the Dungeon
  2908 | D:5      | Reached skill level 5 in Ranged Weapons
  2933 | D:5      | Found Kauniga's Assorted Antiques.
  3176 | D:5      | Found a staircase to the Ecumenical Temple.
  3217 | D:5      | Identified the +4 chain mail of Hedging {Harm rN+ Int-4
                  | SInv}
  3263 | D:5      | Noticed a wyvern
  3267 | D:5      | Killed a wyvern
  3268 | D:5      | Reached XP level 8. HP: 60/60 MP: 8/8
  4053 | D:7      | Reached skill level 6 in Ranged Weapons
  4430 | D:7      | Found Zin's Purification Station.
  4482 | D:7      | Reached skill level 5 in Fighting
  4658 | D:8      | Found a sand-covered staircase.
  4663 | Ossuary  | Entered an ossuary
  4891 | D:8      | Found a sacrificial altar of Ru.
  4891 | D:8      | Found a broken altar of Ashenzari.
  4891 | D:8      | Found an ancient bone altar of Kikubaaqudgha.
  4894 | D:8      | Found a snail-covered altar of Cheibriados.
  5133 | D:8      | Reached XP level 9. HP: 68/68 MP: 9/9
  5209 | D:8      | Reached skill level 5 in Armour
  5329 | D:8      | Noticed a komodo dragon
  5565 | D:8      | Found Gezoas's Book Emporium.
  5911 | D:8      | Reached skill level 7 in Ranged Weapons
  5932 | D:8      | Killed a komodo dragon
  6103 | D:8      | Noticed a komodo dragon
  6112 | D:8      | Killed a komodo dragon
  6248 | D:8      | Found a staircase to the Lair.
  6402 | Temple   | Entered the Ecumenical Temple
  6579 | Temple   | Became a worshipper of Warmaster Okawaru
  6897 | D:9      | Reached XP level 10. HP: 77/79 MP: 10/10
  7027 | D:8      | Reached * piety under Okawaru
  7039 | D:8      | Reached skill level 5 in Evocations
  7257 | D:9      | Found Corywkus's Jewellery Shop.
  7291 | D:9      | Noticed a two-headed ogre
  7297 | D:9      | Killed a two-headed ogre
  7297 | D:9      | Reached ** piety under Okawaru
  7298 | D:9      | Reached skill level 8 in Ranged Weapons
  7590 | D:10     | Entered Level 10 of the Dungeon
  7697 | D:10     | Noticed a two-headed ogre
  7704 | D:10     | Killed a two-headed ogre
  7704 | D:10     | Reached *** piety under Okawaru
  7924 | D:10     | Noticed a wizard
  7927 | D:10     | Killed a wizard
  7927 | D:10     | Reached **** piety under Okawaru
  7928 | D:10     | Reached skill level 9 in Ranged Weapons
  8300 | D:11     | HP: 4/81 [freezing wraith (19)]
  8300 | D:11     | Slain by a freezing wraith

Illustrated notes

Levels and vault maps discovered:
D:1:      amcnicky_arrival_flooded_fountain, layout_basic,
          corexii_leaking_fountain
D:2:      layout_loops_ring, hellmonk_ecumenical_altar_inner_sanctum,
          kennysheep_doodads, minmay_tromino_v4_c
D:3:      layout_loops_ring, serial_shops, shop, nicolae_shop_crystal,
          uniq_grinder, uniq_ijyb
D:4:      layout_loops_cross, serial_shops, nicolae_shop_just_a_little_nook
D:5:      layout_basic, minmay_temple_entry_trees, serial_shops,
          nicolae_shop_just_a_little_nook
D:6:      layout_rooms, minmay_door_square
D:7:      layout_gridville, zin_purify, chequers_garden, grunt_decor_one_mirror
D:8:      layout_loops_ring, grunt_temple_overflow_open, erik_lair_dragon,
          serial_shops, nicolae_diamond_shop, nicolae_ossuary_entry_plus,
          patterned_corridor
D:9:      layout_basic, serial_shops, shop
D:10:     layout_roguey, lightli_wizard_tower
D:11:     layout_roguey, orc_0_dummy, gammafunk_ghost_icy, uniq_amaemon
Temple:   bh_familiar_temple

Skill      XL: |  1  2  3  4  5  6  7  8  9 10 |
---------------+-------------------------------+-----
Maces & Flails | 2 |  2.7
Ranged Weapons | 1 3 4 5 6 7 9 |  9.2
Armour         | 3 4 5 7 |  7.1
Evocations     | 1 3 4 5 |  5.0
Fighting       | 5 7 8 |  8.3
Shields        | |  2.7

Action                     |  1- 3 |  4- 6 |  7- 9 | 10-12 || total
---------------------------+-------+-------+-------+-------++-------
  Melee: Flail             |    90 |    51 |       |       ||   141
   Fire: Sling             |    12 |     6 |       |       ||    18
         Longbow           |       |    50 |   316 |   143 ||   509
  Throw: Boomerang         |     5 |       |       |       ||     5
Ability: Evoke Blink       |       |       |     1 |       ||     1
    Use: Scroll            |       |     3 |     9 |     2 ||    14
 Armour: Scale mail        |    38 |    40 |       |       ||    78
         Ring mail         |       |       |    74 |    30 ||   104
  Dodge: Dodged            |    44 |    30 |    84 |    37 ||   195
  Block: Buckler           |    24 |    11 |       |       ||    35
         Other             |       |       |    31 |    16 ||    47
         Reflection        |       |       |     1 |       ||     1

Table legend: (Time is in decaauts)
 A = Elapsed time spent in this place.
 B = Non-inter-level travel time spent in this place.
 C = Inter-level travel time spent in this place.
 D = Time resting spent in this place.
 E = Time spent auto-exploring this place.
 F = Levels seen in this place.
 G = Mean time per level.
                   A        B        C        D        E       F      G
               +--------+--------+--------+--------+--------+-----+--------+
         Total |   8307 |   7835 |    472 |    251 |   6186 |  13 |  639.0 |
       Dungeon |   7916 |   7458 |    458 |    251 |   5896 |  11 |  719.6 |
        Temple |    191 |    178 |     13 |      0 |    157 |   1 |  191.0 |
       Ossuary |    199 |    199 |      0 |      0 |    133 |   1 |  199.0 |
               +--------+--------+--------+--------+--------+-----+--------+

Top non-repeatable levels by time:
     D:8: 1511 daAuts
     D:2: 1048 daAuts
     D:9: 839 daAuts
     D:7: 799 daAuts
     D:5: 757 daAuts
     D:3: 730 daAuts
    D:10: 688 daAuts
     D:4: 554 daAuts
     D:1: 534 daAuts
     D:6: 443 daAuts
 Ossuary: 199 daAuts
  Temple: 191 daAuts
    D:11: 10 daAuts
